 Dungeon Crawl Stone Soup version 0.21.0-3-g78d12a8 (webtiles) character file.

112 MTVSty1e the Cudgeler (level 4, -3/28 HPs)
             Began as a Gargoyle Fighter on Jan 15, 2018.
             Slain by MTVSty1e's ghost (11 damage)
             ... on level 3 of the Dungeon.
             The game lasted 00:02:30 (1645 turns).

MTVSty1e the Cudgeler (Gargoyle Fighter)            Turns: 1645, Time: 00:02:31

Health: -3/28      AC: 10    Str: 20    XL:     4   Next: 93%
Magic:  4/4        EV:  7    Int:  9    God:
Gold:   127        SH:  9    Dex:  9    Spells: 3/3 levels left

rFire    x . .     SeeInvis .   a - +0 flail
rCold    + . .     Gourm    .   c - +0 shield
rNeg     + . .     Faith    .   k - +0 scale mail
rPois    ∞         Spirit   .   (no helmet)
rElec    +         Reflect  .   (no cloak)
rCorr    +         Harm     .   (no gloves)
MR       .....                  (no boots)
Stlth    ..........             (no amulet)
HPRegen  0.09/turn              e - ring of ice
MPRegen  0.09/turn              m - ring of resist corrosion

@: no status effects
A: negative energy resistance 1, electricity resistance, unbreathing,
petrification resistance, rot immunity, AC +3
a: no special abilities


You were on level 3 of the Dungeon.
You were not hungry.

You visited 1 branch of the dungeon, and saw 3 of its levels.

You collected 127 gold pieces.

Inventory:

Hand Weapons
 a - a +0 flail (weapon)
Armour
 b - a +0 scale mail
 c - a +0 shield (worn)
 k - a +0 scale mail (worn)
Jewellery
 e - a ring of ice (left hand)
 m - a ring of resist corrosion (right hand)
Scrolls
 d - a scroll of blinking {unknown}
 g - 2 scrolls of identify {unknown}
 h - 2 scrolls of magic mapping {unknown}
 i - 3 scrolls of teleportation {unknown}
 l - 4 scrolls of remove curse {unknown}
 o - a scroll of amnesia {unknown}
Potions
 n - a potion of curing {unknown}
 p - a potion of berserk rage {unknown}
Comestibles
 f - 6 rations


   Skills:
 - Level 3.2 Fighting
 + Level 4.9 Maces & Flails
 - Level 3.2 Armour
 - Level 3.2 Shields


You had 3 spell levels left.
You didn't know any spells.

Dungeon Overview and Level Annotations

Branches:
Dungeon (3/15)

Altars:
Sif Muna

Annotations:
D:3 MTVSty1e's ghost, amateur GrGl


Innate Abilities, Weirdness & Mutations

You are resistant to torment.
Your stone body is resilient. (AC +3)
You are immune to poison.
You resist negative energy. (rN+)
You are resistant to electric shocks. (rElec)
You can survive without breathing.
You are immune to petrification.
You are immune to rotting.


Message History

MTVSty1e's ghost is moderately damaged.
MTVSty1e's ghost hits you.
* * * LOW HITPOINT WARNING * * *
It was a potion of magic.
Magic courses through your body. MTVSty1e's ghost barely misses you.
You sock MTVSty1e's ghost!
MTVSty1e's ghost is severely damaged.
MTVSty1e's ghost hits you but does no damage.
You hit MTVSty1e's ghost but do no damage.
MTVSty1e's ghost is severely damaged.
You block MTVSty1e's ghost's attack.
You miss MTVSty1e's ghost.
MTVSty1e's ghost is severely damaged.
MTVSty1e's ghost says, "Crushing you to a pulp will hurt a lot.
After that?
Painless!
I promise!"
MTVSty1e's ghost hits you.
* * * LOW HITPOINT WARNING * * *
You barely miss MTVSty1e's ghost.
MTVSty1e's ghost is severely damaged.
MTVSty1e's ghost hits you!
You die...

##########
#........#
#........#
#...@....#
#...W<...#
.......†....#
.###........#
#.......!.#
......######
.......
.......
......


You could see MTVSty1e's ghost.

Vanquished Creatures
  A scorpion (D:2)
  2 adders (D:2)
  A worm (D:2)
  A dart slug (D:1)
  A leopard gecko (D:2)
  An orc (D:3)
  2 giant cockroaches
  7 goblins
  4 hobgoblins
  A quokka (D:2)
  4 bats
  3 frilled lizards (D:1)
  8 kobolds (D:1)
  6 rats
42 creatures vanquished.

Notes
Turn   | Place    | Note
-------+----------+-------------------------------------------
     0 | D:1      | MTVSty1e the Gargoyle Fighter began the quest for the Orb.
     0 | D:1      | Reached XP level 1. HP: 14/14 MP: 1/1
   146 | D:1      | Reached XP level 2. HP: 5/19 MP: 2/2
   462 | D:1      | Reached skill level 3 in Maces & Flails
   980 | D:1      | Reached XP level 3. HP: 23/23 MP: 3/3
  1022 | D:2      | Noticed a scorpion
  1034 | D:2      | Killed a scorpion
  1034 | D:2      | Reached skill level 4 in Maces & Flails
  1034 | D:2      | Reached XP level 4. HP: 26/28 MP: 4/4
  1245 | D:2      | Found a deep blue altar of Sif Muna.
  1618 | D:3      | Noticed MTVSty1e's ghost (amateur GrGl)
  1645 | D:3      | Slain by MTVSty1e's ghost

Skill      XL: |  1  2  3 |
---------------+----------+-----
Maces & Flails | 3 4 |  4.9
Fighting       | |  3.2
Armour         | |  3.2
Shields        | |  3.2

Action                   |  1- 3 |  4- 6 || total
-------------------------+-------+-------++-------
Melee: Flail             |   126 |    87 ||   213
  Use: Potion            |     1 |     1 ||     2
  Eat: Ration            |     1 |       ||     1
Armor: Scale mail        |    82 |    37 ||   119
Dodge: Dodged            |    42 |    29 ||    71
Block: Shield            |    72 |    49 ||   121
